 Dungeon Crawl Stone Soup version 0.28.0-53-g5a82cb258f (webtiles) character file.

Game seed: 3018936331070485506

8109 Stomo the Fighter (level 11, -1/97 HPs)
             Began as a Grey Draconian Monk on July 5, 2022.
             Was a High Priest of Vehumet.
             Slain by a seven-headed hydra (11 damage)
             ... on level 8 of the Dungeon on July 6, 2022.
             The game lasted 00:26:36 (9728 turns).

Stomo the Fighter (Grey Draconian Monk)             Turns: 9728, Time: 00:26:37

Health: -1/97      AC: 22    Str: 18    XL:     11   Next: 5%
Magic:  10/19      EV: 15    Int: 10    God:    Vehumet [*****.]
Gold:   823        SH:  0    Dex: 14    Spells: 8/20 levels left

rFire   . . .      SeeInvis .   j - +1 whip (venom)
rCold   . . .      Faith    .   (no shield)
rNeg    . . .      Spirit   .   (armour unavailable)
rPois   .          Reflect  .   (helmet restricted)
rElec   .          Harm     .   (no cloak)
rCorr   .          Rampage  .   h - +2 pair of gloves
Will    .....                   B - +2 pair of boots
Stlth   ++........              d - amulet of regeneration
HPRegen 1.06/turn               w - +4 ring of protection
MPRegen 0.16/turn               F - ring of wizardry

@: liquefying, frozen, slowed movement, very slow
A: AC +12, amphibious, unfitting armour, cold-blooded
a: Renounce Religion


You were on level 8 of the Dungeon.
You worshipped Vehumet.
Vehumet was extremely pleased with you.
You visited 3 branches of the dungeon, and saw 12 of its levels.
You also visited: Ossuary.

You collected 823 gold pieces.

Inventory:

Hand Weapons
 a - a +0 mace
 j - a +1 whip of venom (weapon)
 E - a +1 flail
Missiles
 m - 6 throwing nets (quivered)
Armour
 h - a +2 pair of gloves (worn)
 B - a +2 pair of boots (worn)
Jewellery
 b - a ring of see invisible
 d - an amulet of regeneration (around neck)
 i - an amulet of faith
 k - a ring of positive energy
 n - a ring of resist corrosion
 r - a ring of fire
 s - a ring of poison resistance
 w - a +4 ring of protection (left hand)
 D - a +4 ring of evasion
 F - a ring of wizardry (right hand)
Wands
 c - a wand of iceblast (11)
 q - a wand of mindburst (21)
 y - a wand of digging (6)
 K - a wand of charming (1)
Scrolls
 f - 2 scrolls of silence
 l - 2 scrolls of noise
 t - 5 scrolls of teleportation
 L - a scroll of fog
Potions
 e - a potion of resistance
 g - 5 potions of heal wounds
 o - 9 potions of curing
 p - a potion of magic
 u - 3 potions of brilliance
 z - a potion of attraction
 A - 6 potions of flight
 C - 2 potions of lignification {unknown}
 G - a potion of ambrosia {unknown}
 H - a potion of haste {unknown}
 I - a potion of mutation {unknown}
Miscellaneous
 x - a piece from Xom's chessboard (15/15)
 N - a phial of floods


   Skills:
 + Level 9.4 Fighting
 + Level 8.6 Maces & Flails
 + Level 7.9 Dodging
 - Level 1.7 Stealth
 + Level 5.4 Spellcasting
 + Level 4.5 Hexes
 + Level 7.2 Earth Magic


You had 8 spell levels left.
You knew the following spells:

 Your Spells              Type           Power      Damage    Failure   Level
a - Dazzling Flash        Conj/Hex       14%        N/A       3%          3
b - Lee's Rapid Deconstr  Erth           8%         3d8*      3%          5
c - Leda's Liquefaction   Hex/Erth       7%         N/A       8%          4

Your spell library contained the following spells:

 Spells                   Type           Power      Damage    Failure   Level
 Iskenderun's Mystic Bla  Conj/Tloc      2%         2d3       22%         4
 Animate Skeleton         Necr           4%         N/A       9%          1
 Apportation              Tloc           4%         N/A       9%          1
 Summon Small Mammal      Summ           8%         N/A       9%          1
 Sublimation of Blood     Necr           2%         N/A       13%         2
 Wereblood                Tmut           2%         N/A       13%         2
 Statue Form              Tmut/Erth      6%         N/A       95%         6
 Summon Hydra             Summ           1%         N/A       100%        7


Dungeon Overview and Level Annotations

Branches:
Dungeon (10/15)            Temple (1/1) D:4            Lair (1/6) D:8
Ossuary (visited)
    Orc: D:9-12

Altars:
Ashenzari
Cheibriados
Dithmenos
Elyvilon
Fedhas
Gozag
Hepliaklqana
Kikubaaqudgha
Makhleb
Nemelex Xobeh
Okawaru
Qazlal
Ru
Sif Muna
Trog
Uskayaw
Vehumet
Wu Jian
Xom
Yredelemnul
Zin
The Shining One

Shops:
D:1 (=[


Innate Abilities, Weirdness & Mutations

Your dull iron-grey scales are very hard. (AC +12)
You are amphibious.
You cannot fit into any form of body armour.
You are cold-blooded and may be slowed by cold attacks.


Message History

You whack the seven-headed hydra! You tail-slap the seven-headed hydra.
The seven-headed hydra is heavily wounded.
The rime drake bites you but does no damage.
You barely miss the seven-headed hydra. You tail-slap the seven-headed hydra.
The seven-headed hydra is heavily wounded.
The seven-headed hydra bites you but does no damage.
The seven-headed hydra bites you!
The seven-headed hydra barely misses you.
The seven-headed hydra bites you but does no damage.
The seven-headed hydra bites you.
The seven-headed hydra bites you but does no damage.
The seven-headed hydra bites you. The rime drake breathes ice at you.
The flash freeze hits you.
You are encased in ice.
Unknown command.
Unknown command.
Casting: Leda's Liquefaction (dangerous; 8% risk of failure)
Confirm with . or Enter, or press ? or * to list all spells.
Casting: Dazzling Flash (mildly dangerous; 3% risk of failure)
Press: ? - help, Dir - look around, f - activate The rime drake is dazzled.
The seven-headed hydra bites you but does no damage.
The seven-headed hydra bites you! The seven-headed hydra bites you.
The seven-headed hydra bites you but does no damage.
The seven-headed hydra bites you!
The seven-headed hydra bites you but does no damage.
The seven-headed hydra barely misses you.
The rime drake closely misses you.
Unknown command.
You hit the seven-headed hydra.
The seven-headed hydra is severely wounded.
The seven-headed hydra bites you! x2
* * * LOW HITPOINT WARNING * * *
The seven-headed hydra bites you!
* * * LOW HITPOINT WARNING * * *
The seven-headed hydra bites you!
* * * LOW HITPOINT WARNING * * *
The seven-headed hydra bites you!
You die...

######.........#.######<...##
#.####'####.# #......
#.####.# #.######+##.##
#...#######...........#
#..#...≈...#..........#
#....#...#............#
#...##.PP##...........##
#)#..PPk.P..#...+#......
##.#≈.PP@P..≈#...+#######
#..#..PPPDP..#...########
#....##.PP##.....'.....<.
#.....#...#......#.......
#...#...≈...#....#.......
#....#######...###.......
#.#####.#.###### #.......
#.))))..#.# #.......
#######.#.# ########


You could see a seven-headed hydra (very poisoned) and a rime drake (blind).

Vanquished Creatures
  Harold (D:8)
  Erica (D:9)
  A two-headed ogre (D:10)
  A centaur zombie (D:10)
  An unseen horror (D:10)
  3 trolls (D:10)
  A hornet (D:9)
  Prince Ribbit (D:9)
  2 shadows
  Grum (D:10)
  A wyvern (D:7)
  A steam dragon (D:5)
  2 water moccasins
  2 acid dragons
  3 orc warriors
  A sky beast (D:6)
  2 necrophages (D:6)
  An ice beast (D:6)
  5 centaurs
  2 wolves (D:10)
  A phantom (D:5)
  A kobold brigand (D:10)
  A gnoll sergeant (D:5)
  2 scorpions
  2 bullfrogs
  A wyvern skeleton (D:7)
  A jelly (D:4)
  6 killer bees (D:9)
  7 wights
  A howler monkey (D:6)
  2 bullfrog zombies (D:6)
  3 hounds
  2 gnoll shamans
  6 orc priests
  A bullfrog skeleton (D:6)
  3 iguanas (D:5)
  12 orc wizards
  8 mummies (Ossuary)
  A howler monkey skeleton (D:4)
  16 gnolls
  6 adders
  3 shadow imps
  2 white imps (D:6)
  3 dart slugs
  39 orcs
  8 ball pythons
  9 endoplasms
  A giant cockroach (D:4)
  2 gnoll zombies (Ossuary)
  3 goblins
  7 hobgoblins
  6 jackals
  6 quokkas
  4 bats
  4 frilled lizards
  A hobgoblin zombie (Ossuary)
  8 kobolds
  4 kobold zombies (Ossuary)
  An orc zombie (Ossuary)
  7 rats
234 creatures vanquished.

Notes
Turn   | Place    | Note
-------+----------+-------------------------------------------
     0 | D:1      | Stomo the Draconian Monk began the quest for the Orb.
     0 | D:1      | Reached XP level 1. HP: 19/19 MP: 1/1
   227 | D:1      | Reached XP level 2. HP: 26/26 MP: 2/2
   575 | D:1      | Found Poynom's Jewellery Boutique.
   696 | D:1      | Found Gaet's Antique Weapon Shop.
   741 | D:1      | Found a faded altar of an unknown god.
   882 | D:1      | Found Oqefrok's Antique Armour Shop.
   903 | D:1      | Reached XP level 3. HP: 33/33 MP: 3/3
  1391 | D:2      | Reached skill level 4 in Fighting
  1595 | D:2      | Reached XP level 4. HP: 25/40 MP: 4/4
  1957 | D:3      | Reached XP level 5. HP: 22/47 MP: 5/5
  2124 | D:3      | Reached skill level 5 in Fighting
  2461 | D:4      | Reached XP level 6. HP: 51/56 MP: 6/6
  2555 | D:4      | Found a staircase to the Ecumenical Temple.
  2577 | Temple   | Entered the Ecumenical Temple
  2842 | Temple   | Became a worshipper of Vehumet
  2842 | Temple   | Reached * piety under Vehumet
  2842 | Temple   | Offered knowledge of Sandblast by Vehumet.
  2842 | Temple   | Reached ** piety under Vehumet
  3050 | D:4      | Offered knowledge of Magic Dart by Vehumet.
  3070 | D:4      | Reached skill level 5 in Maces & Flails
  3395 | D:5      | Entered Level 5 of the Dungeon
  3423 | D:5      | Your scales start taking on a dull iron-grey colour.
  3423 | D:5      | Reached XP level 7. HP: 47/62 MP: 7/7
  3515 | D:5      | Noticed a shadow
  3559 | D:4      | Killed a shadow
  3560 | D:4      | Reached skill level 6 in Fighting
  3560 | D:4      | Reached skill level 5 in Dodging
  3765 | D:5      | Noticed a steam dragon
  3776 | D:5      | Killed a steam dragon
  3777 | D:5      | Reached XP level 8. HP: 51/71 MP: 8/8
  3820 | D:5      | Offered knowledge of Inner Flame by Vehumet.
  4101 | D:6      | Reached skill level 7 in Fighting
  4611 | D:6      | Reached *** piety under Vehumet
  4790 | D:6      | Reached skill level 8 in Fighting
  4824 | D:6      | Reached XP level 9. HP: 81/81 MP: 9/9
  5026 | D:7      | Offered knowledge of Dazzling Flash by Vehumet.
  5036 | D:6      | Learned a level 3 spell: Dazzling Flash
  5096 | D:7      | Learned a level 5 spell: Lee's Rapid Deconstruction
  5240 | D:7      | Found a glowing silver altar of Zin.
  5296 | D:7      | Reached skill level 1 in Earth Magic
  5340 | D:7      | Reached skill level 1 in Spellcasting
  5358 | D:7      | Found a sand-covered staircase.
  5363 | Ossuary  | Entered an ossuary
  5405 | Ossuary  | Reached **** piety under Vehumet
  5433 | Ossuary  | Offered knowledge of Flame Wave by Vehumet.
  5732 | D:8      | Found a staircase to the Lair.
  6475 | D:8      | Noticed Harold
  6516 | D:8      | HP: 4/82 [Harold/+0 dire flail (19)]
  6517 | D:8      | Killed Harold
  6698 | D:8      | Learned a level 4 spell: Leda's Liquefaction
  6986 | D:9      | Noticed Prince Ribbit
  7005 | D:9      | Killed Prince Ribbit
  7006 | D:9      | Reached XP level 10. HP: 87/90 MP: 12/15
  7027 | D:9      | Reached skill level 5 in Earth Magic
  7757 | D:9      | Noticed Erica
  7777 | D:9      | Killed Erica
  8104 | D:9      | Reached ***** piety under Vehumet
  8333 | D:10     | Entered Level 10 of the Dungeon
  8346 | D:10     | Noticed Grum
  8429 | D:10     | Killed Grum
  8429 | D:10     | Offered knowledge of Iskenderun's Mystic Blast by Vehumet.
  8430 | D:10     | Reached skill level 9 in Fighting
  8528 | D:10     | Reached skill level 5 in Spellcasting
  8562 | D:10     | Noticed a two-headed ogre
  8585 | D:10     | Killed a two-headed ogre
  8983 | D:10     | Reached XP level 11. HP: 97/97 MP: 4/19
  9712 | Lair:1   | Entered Level 1 of the Lair of Beasts
  9712 | Lair:1   | Noticed a seven-headed hydra
  9728 | D:8      | Slain by a seven-headed hydra

Illustrated notes

Levels and vault maps discovered:
D:1:      erik_arrival_blinker_ship, layout_basic, serial_shops,
          nicolae_shop_temple_entry_statues_fountains, nicolae_shop_statue_plus,
          shop, hellmonk_ecumenical_altar_arch_garden,
          hangedman_abyss_or_decor_lesser_grid
D:2:      layout_basic
D:3:      layout_basic, minmay_misc_feat_nine_boxes, hangedman_decor_lopped,
          grunt_ministairs_7
D:4:      layout_gridville, minmay_temple_entry_junction_2
D:5:      layout_basic
D:6:      minmay_octagon_keep, layout_loops_ring
D:7:      layout_cave_pools, mainiacjoe_overflow_24_doors, enter_ossuary_2
D:8:      layout_basic, dpeg_oklobed_lair, uniq_harold
D:9:      layout_gridville, dk_noncrumbling_2, uniq_prince_ribbit1, uniq_erica
D:10:     layout_grid_maze, kennysheep_generic_room_6, uniq_grum
Temple:   compressed_dpeg_triangle_lava_temple
Lair:1:   layout_loops_ring, portal_ice_cave_entry_ice_simulacra, uniq_sonja

Skill      XL: |  1  2  3  4  5  6  7  8  9 10 |
---------------+-------------------------------+-----
Dodging        | 3 4 5 6 7 |  7.9
Fighting       | 4 5 6 8 9 |  9.4
Maces & Flails | 4 5 6 7 8 |  8.6
Earth Magic    | 4 7 |  7.2
Spellcasting   | 3 5 |  5.4
Hexes          | 2 4 |  4.5
Stealth        | |  1.7

Action                   |  1- 3 |  4- 6 |  7- 9 | 10-12 || total
-------------------------+-------+-------+-------+-------++-------
Melee: Mace              |   104 |    36 |       |       ||   140
       Tailslap          |    14 |    35 |   103 |    68 ||   220
       Punch             |     1 |     1 |     9 |     4 ||    15
       Whip              |       |   142 |   611 |   281 ||  1034
 Cast: Lee's Rapid Decon |       |       |     4 |    12 ||    16
       Leda's Liquefacti |       |       |     2 |    18 ||    20
       Dazzling Flash    |       |       |     2 |     9 ||    11
  Use: Scroll            |       |       |    16 |     3 ||    19
 Stab: Sleeping          |     5 |     4 |     3 |       ||    12
       Invisible         |       |       |     1 |     1 ||     2
Armor: Skin              |    26 |    39 |   205 |   128 ||   398
Dodge: Dodged            |    82 |   116 |   353 |   212 ||   763
